 Dungeon Crawl Stone Soup version 0.28-a0-768-g8c92f1e708 (webtiles) character file.

Game seed: 658891897736172267

181364 wrbvjkr the Imperceptible (level 17, -15/88 HPs)
             Began as a Spriggan Enchanter on Oct 31, 2021.
             Was the Champion of Dithmenos.
             Demolished by a shambling mangrove (23 damage)
             ... on level 2 of the Swamp.
             The game lasted 01:44:28 (34812 turns).

wrbvjkr the Imperceptible (Spriggan Enchanter)     Turns: 34812, Time: 01:44:29

Health: -15/88     AC:  6    Str: 15    XL:     17   Next: 33%
Magic:  33/39      EV: 32    Int: 18    God:    Dithmenos [******]
Gold:   3808       SH:  0    Dex: 16    Spells: 37/50 levels left

rFire   + . .      SeeInvis +   g - +9 dagger (drain)
rCold   . . .      Faith    .   (shield restricted)
rNeg    . . .      Spirit   .   a - +1 robe of Fortitude {rF+ Str+6}
rPois   +          Reflect  .   (helmet restricted)
rElec   .          Harm     .   Z - +2 cloak {rPois}
rCorr   .          Rampage  .   (gloves unavailable)
Will    +++..      Rage     1%  (boots unavailable) Stlth *****+++++
                                v - amulet of regeneration
HPRegen 1.24/turn               k - +4 ring of evasion
MPRegen 0.26/turn               B - ring of Pride {Fly EV+4}

@: grasped by roots, forested, flying, wreathed by umbra, constricted, very
quick
A: very small, no large weapons, unfitting armour, see invisible, speed 3,
berserk 1, strong-willed 1, MP-powered wands
}: 1/15 runes: gossamer
a: Renounce Religion, Shadow Step, Shadow Form


You were on level 2 of the Swamp.
You worshipped Dithmenos.
Dithmenos was exalted by your worship.
You visited 6 branches of the dungeon, and saw 30 of its levels.
You also visited: Bailey and Gauntlet.

You collected 4112 gold pieces.
You spent 304 gold pieces at shops.

Inventory:

Hand Weapons
 g - a +9 dagger of draining (weapon)
 o - a +2 rapier of electrocution
 q - a +4 dagger of electrocution
Missiles
 s - 71 poisoned darts (quivered)
 E - 2 datura-tipped darts
 H - 3 throwing nets
 T - 4 curare-tipped darts
Armour
 a - the +1 robe of Fortitude (worn) {rF+ Str+6}
   (You found it on level 7 of the Dungeon)

   Str:       It affects your strength (+6).
   rF:        It protects you from fire.
 Z - a +2 cloak of poison resistance (worn)
Jewellery
 k - a +4 ring of evasion (left hand)
 m - a ring of resist corrosion
 v - an amulet of regeneration (around neck)
 B - the ring of Pride (right hand) {Fly EV+4}
   (You found it on level 9 of the Dungeon)

   [ring of evasion]

   EV:        It affects your evasion (+4).
   Fly:       It grants you flight.
 D - a ring of wizardry
 F - a ring of fire
 R - a +6 ring of strength
 W - a +4 ring of protection
Wands
 c - a wand of digging (3)
 w - a wand of flame (103)
 z - a wand of mindburst (24)
 C - a wand of acid (1)
 L - a wand of polymorph (40)
 O - a wand of iceblast (11)
 Q - a wand of paralysis (20)
 V - a wand of charming (18)
Scrolls
 b - 6 scrolls of enchant armour
 d - a scroll of fear
 h - 14 scrolls of amnesia
 j - 16 scrolls of identify
 r - 2 scrolls of summoning
 t - 2 scrolls of holy word
 u - a scroll of magic mapping
 y - 5 scrolls of teleportation
 G - 3 scrolls of blinking
 K - 2 scrolls of brand weapon
 N - a scroll of fog
Potions
 e - 3 potions of haste
 f - 4 potions of attraction
 i - 5 potions of lignification
 l - 2 potions of resistance
 n - 2 potions of magic
 p - 9 potions of flight
 x - 3 potions of heal wounds
 A - 3 potions of brilliance
 I - 9 potions of curing
 J - 12 potions of ambrosia
 U - a potion of might
 X - a potion of cancellation
Miscellaneous
 M - a box of beasts
 P - a condenser vane
 S - a phantom mirror


   Skills:
 - Level 9.9 Fighting
 - Level 12.0 Short Blades
 - Level 15.1 Dodging
 - Level 21.1 Stealth
 - Level 17.1 Spellcasting
 - Level 17.2 Hexes
 + Level 6.3 Summonings
 - Level 6.0 Translocations


You had 37 spell levels left.
You knew the following spells:

 Your Spells              Type           Power      Damage    Failure   Level
a - Ensorcelled Hibernat  Hex/Ice        92%        N/A       1%          2
b - Tukima's Dance        Hex            67%        N/A       0%          3
c - Dazzling Flash        Conj/Hex       92%        N/A       1%          3
d - Summon Forest         Summ/Tloc      18%        N/A       9%          5

Your spell library contained the following spells:

 Spells                   Type           Power      Damage    Failure   Level
 Confusing Touch          Hex            67%        N/A       0%          3
 Gell's Gravitas          Tloc           18%        N/A       1%          3
 Teleport Other           Tloc           37%        N/A       1%          3
 Leda's Liquefaction      Hex/Erth       23%        N/A       1%          4
 Sandblast                Erth           30%        2d9       3%          1
 Passage of Golubria      Tloc           37%        N/A       3%          4
 Yara's Violent Unravell  Hex/Tmut       23%        3d10      3%          5
 Summon Lightning Spire   Summ/Air       26%        N/A       11%         4
 Spider Form              Tmut/Pois      7%         N/A       12%         3
 Airstrike                Air            7%         N/A       36%         4
 Animate Dead             Necr           7%         N/A       36%         4
 Olgreb's Toxic Radiance  Pois           15%        N/A       36%         4
 Dispersal                Tloc           18%        N/A       45%         6
 Borgnjor's Vile Clutch   Necr/Erth      7%         N/A       71%         5
 Lee's Rapid Deconstruct  Erth           7%         3d8*      71%         5
 Lightning Bolt           Conj/Air       7%         1d20      71%         5
 Summon Hydra             Summ           19%        N/A       94%         7
 Malign Gateway           Summ/Tloc      18%        N/A       95%         7
 Death Channel            Necr           7%         N/A       99%         6
 Eringya's Noxious Bog    Tmut/Pois      7%         N/A       99%         6
 Iron Shot                Conj/Erth      7%         9d2       99%         6
 Statue Form              Tmut/Erth      10%        N/A       99%         6
 Ozocubu's Refrigeration  Ice            7%         4d6       100%        7
 Storm Form               Tmut/Air       7%         N/A       100%        7
 Ignition                 Fire           7%         3d5       100%        8
 Maxwell's Capacitive Co  Air            7%         ∞         100%        8
 Summon Horrible Things   Summ           19%        N/A       100%        8


Dungeon Overview and Level Annotations

Branches:
Dungeon (15/15)            Temple (1/1) D:6            Lair (6/6) D:10
  Swamp (1/4) Lair:4       Spider (4/4) Lair:2        Slime (0/5) Lair:6
    Orc (2/2) D:12            Elf (0/3) Orc:2        Vaults (0/5) D:13
 Depths (0/4) D:15         Bailey (visited)         Gauntlet (visited)

Altars:
Ashenzari
Cheibriados
Dithmenos
Elyvilon
Fedhas
Gozag
Hepliaklqana
Kikubaaqudgha
Makhleb
Nemelex Xobeh
Okawaru
Qazlal
Ru
Sif Muna
Trog
Uskayaw
Vehumet
Wu Jian
Xom
Yredelemnul
Zin
The Shining One
Beogh
Jiyva

Shops:
D:4 =   D:9 (   D:12 *   D:14 ((=[   Orc:2 *[([

Portals:
Trove: D:13 (give +2 storm dragon scales)

Annotations:
D:12 3 runed translucent doors, FDRCH's ghost, novice DECj
Lair:1 3 runed translucent doors, exclusion: oklob plant, StikS32's ghost, novice TrFi
Swamp:1 1 transporter
Spider:1 1 runed translucent door, Hanesic's ghost, journeyman DsFi
Orc:1 2 transporters, Dorrokof's ghost, journeyman DsBe


Innate Abilities, Weirdness & Mutations

You are very small and have problems with some larger weapons.
You are too small for most types of armour.
You have supernaturally acute eyesight. (SInv)
You cover ground extremely quickly. (Speed+++)
You tend to lose your temper in combat.
You are strong-willed. (Will+)
You expend magic power (3 MP) to strengthen your wands.


Message History

Your shadow hits the shambling mangrove but does no damage.
Your dryad calls out to the forest.
Vines fly forth from the trees!
Unknown command.
You puncture the shambling mangrove!
The shambling mangrove is moderately damaged.
Your shadow hits the shambling mangrove but does no damage.
The shambling mangrove closely misses you.
The grasping roots constrict you!
Unknown command.
You hit the shambling mangrove. You drain the shambling mangrove.
The shambling mangrove is moderately damaged.
Unknown command.
You completely miss the shambling mangrove.
The shambling mangrove is moderately damaged.
Your shadow hits the shambling mangrove but does no damage.
Your snaplasher vine hits the shambling mangrove but does no damage.
Unknown command.
You hit the shambling mangrove. You drain the shambling mangrove.
The shambling mangrove is moderately damaged.
Your dryad hits the shambling mangrove but does no damage.
The tyrant leech closely misses you.
The shambling mangrove barely misses you.
The grasping roots constrict you!
Unknown command.
You puncture the shambling mangrove! You drain the shambling mangrove.
The shambling mangrove is heavily damaged.
You feel roots moving beneath the ground.
Your snaplasher vine hits the shambling mangrove but does no damage.
Unknown command.
You hit the shambling mangrove but do no damage.
The shambling mangrove is heavily damaged.
Your shadow hits the shambling mangrove with a dagger.
Your dryad calls out to the forest.
Vines fly forth from the trees!
The tyrant leech bites you!!
* * * LOW HITPOINT WARNING * * *
The tyrant leech draws strength from your injuries!
Your snaplasher vine barely misses the shambling mangrove.
The shambling mangrove hits you!!
You die...

♣ ♣♣ ≈♣♣♣♣♣♣♣♣w.
###≈≈.>≈≈♣≈≈≈
##(##≈│≈.≈≈.≈≈ ♣
#[.♣#≈w≈≈≈≈≈≈≈
♣≈#♣.'#≈Rf≈≈§≈≈≈
♣≈###..@w≈≈≈≈≈≈
♣≈≈≈≈..###≈≈≈.
♣♣♣≈♣♣≈≈≈#'.# ≈
♣.....≈w≈#..)#
♣.≈≈../≈≈##(##
.≈≈≈./.≈≈≈##♣
...≈*♣♣♣♣.≈≈
..≈≈≈ .≈≈≈ ≈≈≈≈
.≈≈≈≈≈


You could see a shambling mangrove (drained, ally target), a tyrant leech, a
friendly dryad (summoned) and 3 friendly snaplasher vines.

Vanquished Creatures
  Mlioglotl (Spider:2)
  A thorn hunter (Swamp:1)
  Roxanne (Swamp:1)
  A fenstrider witch (Swamp:2)
  5 ghost moths
  Louise (Spider:3)
  8 emperor scorpions
  A minotaur (Gauntlet)
  A spark wasp (Spider:2)
  Azrael (Spider:1)
  An ettin (Orc:1)
  Erolcha (D:11)
  11 hydras
  A great orb of eyes (D:15)
  Harold (D:10)
  2 ogre magi (Orc:2)
  A ghost crab (Swamp:1)
  2 boulder beetles
  A rakshasa (D:15)
  7 centaur warriors
  2 alligators
  14 two-headed ogres
  A deep troll shaman (Lair:6)
  12 death yaks
  An orc high priest (Orc:1)
  Sonja (Lair:4)
  Nergalle (Orc:1)
  A spriggan druid (Swamp:1)
  2 wizards (D:15)
  A swamp dragon (Swamp:1)
  2 deep trolls (Orc:1)
  3 deep elf pyromancers
  14 orb spiders
  An orc knight (D:15)
  22 wolf spiders
  15 ugly things
  26 elephants
  2 orc sorcerers
  7 cyclopes
  5 manticores
  3 black mambas
  Joseph (D:8)
  16 cane toads
  Psyche (D:8)
  4 torpor snails
  3 rime drakes
  An unseen horror (shapeshifter) (D:13)
  2 minotaur zombies (Gauntlet)
  12 komodo dragons
  3 tyrant leeches (Swamp:1)
  9 demonic crawlers
  30 jumping spiders
  12 trolls
  5 polar bears
  A meliai (shapeshifter) (D:15)
  A queen bee (Lair:1)
  A wolf spider simulacrum (Gauntlet)
  9 hornets (Spider:4)
  15 blink frogs
  14 slime creatures
  Grinder (D:6)
  11 dream sheep (Lair:5)
  3 centaur simulacra
  21 tarantellas
  5 water elementals (D:14)
  51 redbacks
  2 shadows
  14 wyverns
  Sigmund (D:6)
  25 yaks
  A vampire (D:12)
  4 wraiths
  A fire elemental (Spider:1)
  11 basilisks
  9 vampire mosquitoes
  A golden eye (Gauntlet)
  2 steam dragons
  5 swamp worms
  5 wargs
  2 acid dragons
  Edmund (D:6)
  13 water moccasins
  3 hell hounds (Spider:1)
  8 orc warriors
  A meliai simulacrum (Gauntlet)
  2 swamp drakes (Swamp:1)
  2 sky beasts
  2 ice beasts
  3 black bears (Lair:6)
  19 ogres
  7 wolves
  17 centaurs
  5 kobold brigands
  2 gnoll sergeants
  5 scorpions
  11 bullfrogs
  A water moccasin zombie (D:3)
  A wyvern zombie (D:9)
  2 water moccasin skeletons (D:5)
  7 wights
  32 killer bees
  5 howler monkeys
  4 electric eels
  A bullfrog zombie (D:5)
  8 centaur zombies
  11 orc priests
  3 hounds
  2 gnoll shamans
  A jelly (D:6)
  A bullfrog skeleton (D:4)
  4 iguanas
  17 orc wizards
  8 hell rats
  2 killer bee zombies
  A hound zombie (D:5)
  A hound skeleton (D:4)
  2 howler monkey zombies
  19 gnolls
  11 adders
  2 white imps
  2 ufetubi
  8 worms
  2 dart slugs
  58 orcs
  6 bats
  7 endoplasms
  2 giant cockroaches
  4 hobgoblins
  10 jackals
  2 quokkas (D:2)
  11 ball pythons
  5 frilled lizards
  10 goblins
  29 kobolds
  3 rats
906 creatures vanquished.

Vanquished Creatures (collateral kills)
  A catoblepas (Lair:6)
  2 dancing weapons (D:13)
  A two-headed ogre (D:11)
  An orb spider (Spider:3)
  2 orc knights (Bailey)
  A minotaur zombie (Gauntlet)
  A hornet (Swamp:1)
  A spriggan (Swamp:1)
  A shadow (D:13)
  3 orc warriors (Bailey)
  2 ogres
  A gnoll sergeant (D:8)
  3 wights (D:4)
  An orc wizard (D:4)
  13 gnolls
  6 orcs
  A goblin (Bailey)
  4 kobolds (Bailey)
45 creatures vanquished.

Vanquished Creatures (others)
  A demonic crawler (Spider:1)
  15 dancing weapons
  An ogre (Orc:2)
  An orc wizard (D:6)
  30 fungi
  35 plants
83 creatures vanquished.

Grand Total: 1034 creatures vanquished

Notes
Turn   | Place    | Note
-------+----------+-------------------------------------------
     0 | D:1      | wrbvjkr the Spriggan Enchanter began the quest for the Orb.
     0 | D:1      | Reached XP level 1. HP: 9/9 MP: 5/5
   203 | D:1      | Found a faded altar of an unknown god.
   519 | D:1      | Reached XP level 2. HP: 13/13 MP: 7/7
   522 | D:1      | Learned a level 2 spell: Ensorcelled Hibernation
  1495 | D:2      | Reached XP level 3. HP: 16/16 MP: 6/9
  1499 | D:2      | Learned a level 3 spell: Tukima's Dance
  1503 | D:2      | Learned a level 3 spell: Dazzling Flash
  2132 | D:2      | Reached XP level 4. HP: 19/21 MP: 0/11
  2262 | D:2      | Reached skill level 5 in Hexes
  2785 | D:3      | HP: 1/21 [water moccasin zombie (3)]
  3550 | D:3      | Reached skill level 5 in Spellcasting
  3550 | D:3      | Reached XP level 5. HP: 24/24 MP: 11/13
  4082 | D:4      | Reached skill level 5 in Stealth
  4084 | D:4      | Reached XP level 6. HP: 28/28 MP: 13/15
  4303 | D:4      | Found Heeloes's Jewellery Shop.
  4339 | D:4      | Reached skill level 6 in Stealth
  4898 | D:4      | Reached XP level 7. HP: 25/32 MP: 8/17
  5131 | D:4      | Found a hide-covered altar of Uskayaw.
  5527 | D:4      | Reached skill level 7 in Stealth
  6313 | D:4      | Reached skill level 8 in Stealth
  6405 | D:5      | Entered Level 5 of the Dungeon
  6478 | D:5      | Found a radiant altar of Vehumet.
  6544 | D:5      | Reached XP level 8. HP: 36/36 MP: 20/20
  7052 | D:5      | Reached skill level 9 in Stealth
  7578 | D:5      | Found an ancient bone altar of Kikubaaqudgha.
  7742 | D:6      | You fall into a shaft and drop 1 floor!
  7862 | D:7      | Reached skill level 10 in Stealth
  7868 | D:7      | Identified the +1 robe of Fortitude {rF+ Str+6}
  8131 | D:7      | Reached XP level 9. HP: 39/39 MP: 12/22
  8442 | D:6      | Reached skill level 11 in Stealth
  8517 | D:6      | Found a snail-covered altar of Cheibriados.
  8619 | D:6      | Noticed Edmund
  8629 | D:6      | Killed Edmund
  8723 | D:6      | Reached skill level 10 in Hexes
  8727 | D:6      | Found a glowing silver altar of Zin.
  8854 | D:6      | Reached skill level 10 in Spellcasting
  8865 | D:6      | Reached skill level 12 in Stealth
  8990 | D:6      | Found a staircase to the Ecumenical Temple.
  8990 | D:6      | Noticed Sigmund
  8995 | D:6      | Killed Sigmund
  9000 | D:6      | Gained mutation: Your body sometimes deteriorates upon
                  | taking damage. [potion of mutation]
  9003 | Temple   | Entered the Ecumenical Temple
  9090 | Temple   | Became a worshipper of Dithmenos the Shadowed
  9131 | D:6      | Noticed Grinder
  9148 | D:6      | Killed Grinder
  9622 | D:8      | Noticed Joseph
  9627 | D:8      | Killed Joseph
  9646 | D:8      | Reached XP level 10. HP: 44/44 MP: 25/25
  9706 | D:8      | Reached skill level 13 in Stealth
 10016 | D:8      | Found a bloodstained altar of Trog.
 10094 | D:8      | Noticed a deep elf pyromancer
 10106 | D:8      | Killed a deep elf pyromancer
 10107 | D:8      | Reached skill level 1 in Fighting
 10177 | D:8      | Noticed Psyche
 10189 | D:8      | Killed Psyche
 10410 | D:9      | Found Ixietom's Weapon Shop.
 10452 | D:9      | Noticed a cyclops
 10454 | D:9      | Reached * piety under Dithmenos
 10460 | D:9      | Killed a cyclops
 10508 | D:9      | Found an opulent altar of Gozag.
 10577 | D:9      | Found an iron altar of Okawaru.
 10577 | D:9      | Found a shimmering altar of Xom.
 10655 | D:9      | Found a sacrificial altar of Ru.
 10664 | D:9      | Identified the ring of Pride {Fly EV+4}
 10673 | D:9      | Found a flagged portal.
 10683 | Bailey   | Entered a bailey
 10700 | Bailey   | Noticed an orc knight
 10945 | Bailey   | Noticed an orc knight
 10976 | Bailey   | Killed an orc knight
 11083 | Bailey   | Reached skill level 5 in Dodging
 11095 | Bailey   | Killed an orc knight
 11096 | Bailey   | Reached skill level 14 in Stealth
 11291 | D:9      | Reached XP level 11. HP: 51/51 MP: 24/27
 11399 | D:9      | Reached ** piety under Dithmenos
 11777 | D:9      | Found a sparkling altar of Nemelex Xobeh.
 11800 | D:9      | Found a basalt altar of Yredelemnul.
 12061 | D:10     | Entered Level 10 of the Dungeon
 12168 | D:10     | Noticed a two-headed ogre
 12174 | D:10     | Killed a two-headed ogre
 12315 | D:10     | Noticed a two-headed ogre
 12320 | D:10     | Found a stormy altar of Qazlal.
 12322 | D:10     | Killed a two-headed ogre
 12481 | D:10     | Noticed a two-headed ogre
 12482 | D:10     | Noticed a two-headed ogre
 12541 | D:10     | Killed a two-headed ogre
 12675 | D:10     | Killed a two-headed ogre
 12675 | D:10     | Reached *** piety under Dithmenos
 12779 | D:10     | Found a staircase to the Lair.
 12780 | D:10     | Noticed Harold
 12820 | D:10     | Killed Harold
 12821 | D:10     | Reached skill level 5 in Short Blades
 13370 | D:11     | Noticed a two-headed ogre
 13378 | D:11     | Killed a two-headed ogre
 13379 | D:11     | Reached skill level 15 in Stealth
 13671 | D:11     | Noticed Erolcha
 13685 | D:11     | Killed Erolcha
 13686 | D:11     | Reached XP level 12. HP: 58/58 MP: 29/29
 13726 | D:11     | Noticed a two-headed ogre
 13736 | D:11     | Killed a two-headed ogre
 13736 | D:11     | Reached **** piety under Dithmenos
 14314 | D:12     | Noticed a two-headed ogre
 14477 | D:12     | Killed a two-headed ogre
 14929 | D:12     | Found a runed translucent gate.
 14929 | D:12     | Found a runed translucent gate.
 14930 | D:12     | Found an opulent altar of Gozag.
 14930 | D:12     | Found a runed translucent gate.
 14934 | D:12     | Found Roducy's Assorted Antiques.
 14934 | D:12     | Noticed a centaur warrior
 14934 | D:12     | Noticed FDRCH's ghost (novice DECj)
 14973 | D:12     | Reached skill level 5 in Fighting
 15004 | D:12     | Identified the ring of Abstinence {rC+ rN+ Will- Dex+3}
 15198 | D:12     | Found a staircase to the Orcish Mines.
 15552 | D:13     | Noticed a centaur warrior
 15559 | D:13     | Killed a centaur warrior
 15560 | D:13     | Reached skill level 16 in Stealth
 15631 | D:13     | Noticed a centaur warrior
 15631 | D:13     | Noticed a centaur warrior
 15642 | D:13     | You are sucked into a shaft and drop 2 floors!
 15642 | D:15     | Entered Level 15 of the Dungeon
 15878 | D:15     | Noticed a seven-headed hydra
 15884 | D:15     | Killed a seven-headed hydra
 15938 | D:15     | Found an opulent altar of Gozag.
 16175 | D:13     | Killed a centaur warrior
 16180 | D:13     | Killed a centaur warrior
 16323 | D:13     | Reached XP level 13. HP: 25/65 MP: 31/31
 16341 | D:13     | Reached ***** piety under Dithmenos
 16497 | D:13     | Found a gate to the Vaults.
 16534 | D:13     | Found a portal to a secret trove of treasure.
 17079 | D:14     | Found an ancient bone altar of Kikubaaqudgha.
 17392 | D:14     | Found Juhex's Jewellery Boutique.
 17395 | D:14     | Found Fatypsof's Armour Boutique.
 17395 | D:14     | Found Kutiwej's Antique Weapon Boutique.
 17397 | D:14     | Found Erphaozaext's Weapon Boutique.
 17898 | Lair:1   | Entered Level 1 of the Lair of Beasts
 18020 | Lair:1   | Reached skill level 10 in Dodging
 18065 | Lair:1   | Noticed StikS32's ghost (novice TrFi)
 18089 | Lair:1   | Found a runed translucent gate.
 18089 | Lair:1   | Found a runed translucent gate.
 18089 | Lair:1   | Found a runed translucent gate.
 18488 | Lair:1   | Reached skill level 17 in Stealth
 19068 | Lair:2   | Found a hole to the Spider Nest.
 20803 | Lair:4   | Noticed Sonja
 20810 | Lair:4   | Killed Sonja
 20813 | Lair:4   | Lost mutation: Your body sometimes deteriorates upon taking
                  | damage. [potion of mutation]
 20813 | Lair:4   | Gained mutation: You expend magic power (3 MP) to
                  | strengthen your wands. [potion of mutation]
 20813 | Lair:4   | Gained mutation: You are strong-willed. (Will+) [potion of
                  | mutation]
 21187 | Lair:4   | Reached XP level 14. HP: 70/70 MP: 31/33
 21434 | Lair:4   | Found a staircase to the Swamp.
 21700 | Lair:4   | Reached skill level 18 in Stealth
 22087 | Lair:5   | Found an iron altar of Okawaru.
 22125 | Lair:5   | Reached skill level 15 in Hexes
 22925 | Lair:5   | Reached skill level 15 in Spellcasting
 23100 | Lair:5   | Reached skill level 10 in Short Blades
 23247 | Lair:5   | Reached ****** piety under Dithmenos
 23481 | Lair:6   | Entered Level 6 of the Lair of Beasts
 23839 | Lair:6   | Found a viscous altar of Jiyva.
 23840 | Lair:6   | Found a staircase to the Slime Pits.
 24321 | Lair:6   | Reached XP level 15. HP: 77/77 MP: 35/35
 24684 | Lair:6   | Reached skill level 19 in Stealth
 25156 | Lair:6   | Identified the +1 pair of boots "Daurayvu" {Dex+7}
 25368 | Orc:1    | Entered Level 1 of the Orcish Mines
 25410 | Orc:1    | Noticed Nergalle
 25435 | Orc:1    | Killed Nergalle
 25694 | Orc:2    | Entered Level 2 of the Orcish Mines
 25703 | Orc:2    | Found a gate leading to a gauntlet.
 25740 | Gauntlet | Entered a Gauntlet
 25740 | Gauntlet | Found a transporter.
 25777 | Gauntlet | Found a transporter.
 25781 | Gauntlet | Found a transporter.
 25785 | Gauntlet | Found a runed translucent door.
 25787 | Gauntlet | Found a runed translucent door.
 25789 | Gauntlet | Found a transporter.
 25793 | Gauntlet | Found a transporter.
 25797 | Gauntlet | Found a runed translucent door.
 25798 | Gauntlet | Found a runed translucent door.
 25801 | Gauntlet | Found a transporter.
 25805 | Gauntlet | Found a transporter.
 25813 | Gauntlet | Found a transporter.
 25817 | Gauntlet | Found a transporter.
 25823 | Gauntlet | Found a runed translucent gate.
 25825 | Gauntlet | Found a runed translucent gate.
 25825 | Gauntlet | Found a transporter.
 25827 | Gauntlet | Found a runed translucent gate.
 25856 | Gauntlet | Found a transporter.
 25868 | Gauntlet | Found a transporter.
 25881 | Gauntlet | Found a transporter.
 25894 | Gauntlet | Found a transporter.
 26237 | Gauntlet | Identified the ring "Leoppev" {Drain rF- Will+++ Int+6
                  | Stlth+}
 26369 | Gauntlet | Identified the +2 pair of gloves "Peluiboy" {rElec rN+
                  | Int+4 Dex+2}
 26931 | Orc:2    | Found Gimuxan's Armour Boutique.
 26934 | Orc:2    | Found Seopryqov's Antique Weapon Shop.
 26939 | Orc:2    | Found Irufeidgh's Armour Shoppe.
 26959 | Orc:2    | Found Beohilig's Assorted Antiques.
 26982 | Orc:2    | Bought a scroll of fear for 101 gold pieces
 26982 | Orc:2    | Bought a potion of curing for 87 gold pieces
 26982 | Orc:2    | Bought a scroll labelled DUFUCL BAERYMM for 29 gold pieces
 26982 | Orc:2    | Bought a potion of curing for 87 gold pieces
 27436 | Orc:2    | Found a staircase to the Elven Halls.
 27769 | Orc:1    | Gained mutation: You tend to lose your temper in combat. [a
                  | neqoxec]
 27933 | Orc:1    | Found a transporter.
 27934 | Orc:1    | Noticed Dorrokof's ghost (journeyman DsBe)
 28022 | Orc:1    | Found a transporter.
 28859 | D:15     | Found a sparkling altar of Nemelex Xobeh.
 28871 | D:15     | Reached skill level 20 in Stealth
 29122 | D:15     | Reached XP level 16. HP: 84/84 MP: 20/37
 29233 | D:15     | Found a staircase to the Depths.
 29542 | Spider:1 | Entered Level 1 of the Spider Nest
 29801 | Spider:1 | Found a runed translucent door.
 29802 | Spider:1 | Found a shimmering altar of Xom.
 29802 | Spider:1 | Noticed Hanesic's ghost (journeyman DsFi)
 29803 | Spider:1 | Identified the +7 battleaxe of Fortitude {chaos, Fly rCorr
                  | Dex+4}
 30036 | Spider:1 | Noticed Azrael
 30038 | Spider:1 | Killed Azrael
 30196 | Spider:1 | Learned a level 5 spell: Summon Forest
 30420 | Spider:2 | Reached skill level 1 in Summonings
 31113 | Spider:3 | Noticed Mlioglotl
 31134 | Spider:2 | Killed Mlioglotl
 31748 | Spider:3 | Noticed Louise
 31825 | Spider:2 | Reached skill level 21 in Stealth
 32117 | Spider:3 | Killed Louise
 32118 | Spider:3 | Reached skill level 15 in Dodging
 32197 | Spider:3 | Identified a scroll of acquirement
 32233 | Spider:3 | Acquired 1242 gold pieces
 32438 | Spider:4 | Entered Level 4 of the Spider Nest
 33168 | Spider:4 | Reached skill level 1 in Translocations
 33227 | Spider:4 | Reached XP level 17. HP: 66/88 MP: 24/39
 33670 | Spider:4 | Reached skill level 5 in Translocations
 34238 | Spider:4 | Reached skill level 5 in Summonings
 34400 | Spider:4 | Got a gossamer rune of Zot
 34585 | Swamp:1  | Entered Level 1 of the Swamp
 34606 | Swamp:1  | Identified Roxanne's Tome of the Rocks
 34606 | Swamp:1  | Noticed Roxanne
 34621 | Swamp:1  | Found a transporter.
 34638 | Swamp:1  | Killed Roxanne
 34777 | Swamp:1  | You are sucked into a shaft and drop 1 floor!
 34812 | Swamp:2  | Demolished by a shambling mangrove

Illustrated notes

Levels and vault maps discovered:
D:1:      giann_bridges, layout_loops_ring, ebering_ecumenical_altar_mist
D:2:      layout_basic
D:3:      layout_basic, st_stairs_13
D:4:      layout_cave_pools, mainiacjoe_overflow_24_doors, serial_shops,
          nicolae_stop_n_shop_1
D:5:      layout_loops_corners, mainiacjoe_overflow_alcove_4,
          nicolae_vehumet_radiance, kennysheep_small_square
D:6:      layout_rooms, zin_statuary, kennysheep_slug_shrine, temple_green,
          serial_rivers, chequers_serial_rivers_small_a,
          chequers_serial_rivers_small_3, chequers_serial_rivers_small_3,
          chequers_serial_rivers_small_b, chequers_serial_rivers_micro_a,
          hex_intersection, uniq_grinder, uniq_sigmund, uniq_edmund
D:7:      layout_rooms
D:8:      layout_cave_pools, mainiacjoe_overflow_paths, uniq_joseph, uniq_psyche
D:9:      layout_small_grid, mainiacjoe_overflow_six_doors_small,
          amcnicky_altar_gilded, lemuel_zombie_altar_yredelemnul,
          general_overflow_altar, jmf_multi_god_temple, serial_shops, shop,
          enter_bailey_5, lightli_minifort
D:10:     layout_loops_ring, nicolae_qazlal_eye_of_the_storm,
          erik_lair_orcish_takeover, kennysheep_generic_room_6, uniq_harold
D:11:     layout_basic, uniq_erolcha
D:12:     layout_roguey, hiddenorc1_lemuel, ebering_ghost_gozag
D:13:     layout_big_octagon, erik_vaults_1, nicolae_trove_entry_columns
D:14:     layout_basic, kiku_gazebo_pond_becter, minmay_shop_grid_forest
D:15:     gammafunk_enter_depths_forms, layout_basic,
          nicolae_gozag_seed_capital, nemelex_diamond_rough_becter
Temple:   dpeg_three_leaves_temple
Lair:1:   layout_gridlike, special_room [special_room_bee], gammafunk_ghost_icy,
          minmay_lair_oklob_bushes, grunt_megastairs_2,
          infiniplex_staircase_pool
Lair:2:   layout_layer_cave, nicolae_spider_entry_non_spiders, minivault_26,
          small_statue_intersection, lemuel_fruit_fields,
          infiniplex_staircase_pool_2
Lair:3:   layout_cave_pods, grunt_megastairs_4, serial_bayou_shore_b
Lair:4:   layout_small_grid, minmay_swamp_entry_worms, special_room
          [special_room_mythical_zoo], uniq_sonja
Lair:5:   layout_regular_city, basic_altar, pond
Lair:6:   grunt_lair_end_beastmaster, layout_regular_city, slime_altar_1,
          hangedman_lair_unloving_vines
Swamp:1:  layout_basic_swamp, gammafunk_ghost_wrathful_warriors,
          serial_swamp_ruin, evilmike_swamp_ruin_house_5,
          evilmike_swamp_ruin_rubble_1, evilmike_swamp_ruin_house_4,
          uniq_donald, uniq_roxanne
Swamp:2:  layout_basic_swamp, hellmonk_ghost_happy_afterlife,
          nicolae_swamp_well_well_well, swamp_pool2, cheibrodos_swamp_witchery,
          uniq_nikola
Spider:1: layout_spider_delve, ebering_ghost_xom, uniq_azrael
Spider:2: layout_spider_delve
Spider:3: layout_spider_delve, uniq_louise, uniq_mlioglotl
Spider:4: guppyfry_spider_rune
Orc:1:    layout_caves, gammafunk_ghost_smash, uniq_nergalle
Orc:2:    st_orc_open, layout_caves, gauntlet_entry_generic, minmay_orc_temple_a

Skill      XL: |  1  2  3  4  5  6  7  8  9 10 11 12 13 14 15 16 17 |
---------------+----------------------------------------------------+-----
Spellcasting   | 3 4 5 6 7 8 10 11 12 13 14 15 16 17 | 17.1
Hexes          | 4 5 6 7 9 10 11 12 13 14 15 16 17 | 17.2
Stealth        | 5 6 8 10 12 14 15 16 17 18 20 21 | 21.1
Dodging        | 5 7 9 11 12 13 15 | 15.1
Fighting       | 2 4 5 6 8 9 |  9.9
Short Blades   | 3 5 7 9 10 11 12 | 12.0
Summonings     | 3 6 |  6.3
Translocations | 3 6 |  6.0

Action                   |  1- 3 |  4- 6 |  7- 9 | 10-12 | 13-15 | 16-18 || total
-------------------------+-------+-------+-------+-------+-------+-------++-------
Melee: Dagger            |    69 |   151 |   279 |   745 |   930 |   667 ||  2841
       Short sword       |       |       |       |     9 |       |       ||     9
       Rapier            |       |       |       |       |       |    30 ||    30
 Cast: Ensorcelled Hiber |    18 |    11 |    46 |   116 |   248 |   124 ||   563
       Tukima's Dance    |       |     8 |    17 |    48 |     3 |     9 ||    85
       Dazzling Flash    |       |       |     3 |     1 |    63 |     9 ||    76
       Summon Forest     |       |       |       |       |       |     2 ||     2
Invok: Shadow Step       |       |       |       |       |     5 |     3 ||     8
Evoke: Wand              |       |       |     2 |     9 |    29 |    12 ||    52
       Phantom mirror    |       |       |       |       |     3 |     1 ||     4
       Condenser vane    |       |       |       |       |     3 |     1 ||     4
       Box of beasts     |       |       |       |       |     2 |       ||     2
  Use: Scroll            |     4 |     3 |    10 |    10 |    16 |     5 ||    48
       Potion            |       |       |     4 |     5 |     5 |    10 ||    24
 Stab: Sleeping          |    25 |    14 |    50 |    76 |   179 |   115 ||   459
       Invisible         |       |       |     4 |     7 |    43 |    10 ||    64
       Distracted        |       |       |     1 |     5 |     5 |     8 ||    19
Armor: Robe              |     9 |    19 |    37 |    50 |    46 |    54 ||   215
Dodge: Dodged            |    54 |   162 |   262 |   857 |  1389 |  1209 ||  3933

Table legend: (Time is in decaauts)
 A = Elapsed time spent in this place.
 B = Non-inter-level travel time spent in this place.
 C = Inter-level travel time spent in this place.
 D = Time resting spent in this place.
 E = Time spent auto-exploring this place.
 F = Levels seen in this place.
 G = Mean time per level.
                   A        B        C        D        E       F      G
               +--------+--------+--------+--------+--------+-----+--------+
         Total |  25878 |  24658 |   1220 |   4366 |  13869 |  32 |  808.7 |
       Dungeon |  14282 |  13635 |    647 |   2537 |   7865 |  15 |  952.1 |
        Temple |     59 |     40 |     19 |      0 |     34 |   1 |   59.0 |
          Lair |   5209 |   4843 |    366 |    111 |   3542 |   6 |  868.2 |
         Swamp |    152 |    152 |      0 |      0 |     75 |   2 |   76.0 |
   Spider Nest |   3712 |   3567 |    145 |    981 |   1493 |   4 |  928.0 |
  Orcish Mines |   1485 |   1444 |     41 |    387 |    631 |   2 |  742.5 |
        Bailey |    447 |    447 |      0 |     57 |    149 |   1 |  447.0 |
      Gauntlet |    527 |    527 |      0 |    292 |     77 |   1 |  527.0 |
               +--------+--------+--------+--------+--------+-----+--------+

Top non-repeatable levels by time:
     D:2: 2260 daAuts
     D:4: 1494 daAuts
Spider:4: 1473 daAuts
    D:15: 1266 daAuts
  Lair:6: 1227 daAuts
  Lair:4: 1222 daAuts
Spider:2: 1212 daAuts
     D:3: 1071 daAuts
    D:12: 1022 daAuts
    D:10: 1003 daAuts
     D:5: 987 daAuts
    D:14: 825 daAuts
  Lair:3: 767 daAuts
  Lair:2: 766 daAuts
     D:9: 753 daAuts
